[Event "ICC tourney 2260 (3 2)"]
[Site "Internet Chess Club"]
[Date "2020.12.31"]
[Round "7"]
[White "kurohaze"]
[Black "sujashankar"]
[Result "0-1"]
[ICCResult "White checkmated"]
[WhiteElo "1168"]
[BlackElo "1691"]
[Opening "Queen's pawn game"]
[ECO "D05"]
[NIC "QP.06"]
[Time "13:53:36"]
[PlyCount "60"]
[TimeControl "180+2"]

1. d4 Nf6 2. Nf3 e6 3. e3 d5 4. Be2 c5 5. dxc5 Bxc5 6. a3 O-O 7. b4 Bb6 8.
Bb2 Nc6 9. Nbd2 Re8 10. Rc1 e5 11. O-O d4 12. exd4 Nxd4 13. Nxd4 Bxd4 14.
Bxd4 Qxd4 15. c3 Qb6 16. c4 Bf5 17. c5 Qc7 18. Qb3 Rad8 19. Nf3 Be6 20. Qb2
Bd5 21. Nd2 Bxg2 22. Kxg2 e4 23. Bb5 Re5 24. Nc4 Rg5+ 25. Kh1 Rh5 26. f4
exf3 27. Rxf3 Ne4 28. Rg1 f6 29. Re3 Rd2 30. Nxd2 Qxh2# { White checkmated
} 0-1

[Event "ICC tourney 2260 (3 2)"]
[Site "Internet Chess Club"]
[Date "2020.12.31"]
[Round "7"]
[White "auggie29"]
[Black "tavit2"]
[Result "1-0"]
[ICCResult "Black resigns"]
[WhiteElo "1095"]
[BlackElo "629"]
[Opening "Two knights defense"]
[ECO "C58"]
[NIC "KP.01"]
[Time "13:53:29"]
[PlyCount "45"]
[TimeControl "180+2"]

1. e4 e5 2. Nf3 Nc6 3. Bc4 Nf6 4. Ng5 d5 5. exd5 Na5 6. Bb5+ c6 7. dxc6
bxc6 8. Ba4 Nd5 9. d3 Be7 10. Qh5 Bxg5 11. Bxg5 Qd7 12. O-O Nf4 13. Bxf4
exf4 14. Re1+ Kf8 15. Qxa5 Bb7 16. Qc5+ Kg8 17. Nc3 Rc8 18. Re7 Qg4 19.
Rxb7 Qe6 20. Qe7 Qxe7 21. Rxe7 c5 22. Rae1 c4 23. Re8+ { Black resigns }
1-0

[Event "ICC tourney 2260 (3 2)"]
[Site "Internet Chess Club"]
[Date "2020.12.31"]
[Round "7"]
[White "hartej"]
[Black "atippa"]
[Result "1-0"]
[ICCResult "Black resigns"]
[WhiteElo "1516"]
[BlackElo "1732"]
[Opening "Two knights defense"]
[ECO "C58"]
[NIC "KP.01"]
[Time "13:53:10"]
[PlyCount "61"]
[TimeControl "180+2"]

1. e4 e5 2. Nf3 Nc6 3. Bc4 Nf6 4. Ng5 d5 5. exd5 Na5 6. Bb5+ c6 7. dxc6
bxc6 8. Bd3 Nd5 9. Nf3 Bg4 10. h3 Bh5 11. g4 Bg6 12. Bxg6 hxg6 13. d3 Bd6
14. Nc3 Nf4 15. Bxf4 exf4 16. Qe2+ Qe7 17. Qxe7+ Bxe7 18. O-O-O O-O 19.
Rde1 Bf6 20. Kd2 Rab8 21. Rb1 c5 22. g5 Bd4 23. Nxd4 cxd4 24. Nd5 Rfe8 25.
Nxf4 Rbc8 26. Rhe1 Red8 27. a3 Rd7 28. Ne2 Rd5 29. f4 Rb8 30. Ng3 Rc5 31.
b4 { Black resigns } 1-0

[Event "ICC tourney 2260 (3 2)"]
[Site "Internet Chess Club"]
[Date "2020.12.31"]
[Round "7"]
[White "TacoCat"]
[Black "garynanoman"]
[Result "0-1"]
[ICCResult "White checkmated"]
[WhiteElo "1882"]
[BlackElo "1850"]
[Opening "QGD: 4.Bg5 Be7"]
[ECO "D53"]
[NIC "QO.13"]
[Time "13:53:21"]
[PlyCount "144"]
[TimeControl "180+2"]

1. d4 Nf6 2. c4 e6 3. Nc3 d5 4. Bg5 Be7 5. Nf3 c6 6. e3 Nbd7 7. cxd5 exd5
8. Bd3 O-O 9. O-O h6 10. Bh4 Nh7 11. Bxe7 Qxe7 12. Qc2 Nhf6 13. Rfe1 Re8
14. Rad1 Qd6 15. e4 dxe4 16. Nxe4 Nxe4 17. Bxe4 Nf6 18. Bh7+ Kf8 19. Rxe8+
Kxe8 20. Re1+ Kf8 21. Bf5 Bxf5 22. Qxf5 Re8 23. Rxe8+ Kxe8 24. Qe5+ Kd7 25.
Kf1 Qxe5 26. Nxe5+ Ke6 27. Ke2 Nd5 28. g3 Nb4 29. a3 Nd5 30. Kd3 Nf6 31. f4
Ne8 32. Nc4 Nd6 33. Ne3 f5 34. b4 Nb5 35. Nc4 Nc7 36. Na5 Nb5 37. a4 Nd6
38. Nb3 Kd5 39. Nd2 Ne4 40. Nb1 Nf2+ 41. Ke3 Ng4+ 42. Kd3 Nxh2 43. Nc3+ Kd6
44. Kc4 Ng4 45. b5 Ne3+ 46. Kd3 Nd5 47. bxc6 Kxc6 48. Nb5 a6 49. Na3 Nf6
50. Nc4 Ne4 51. g4 Nf2+ 52. Ke2 Nxg4 53. Kf3 Nf6 54. Ne5+ Kd5 55. Ke3 Ng4+
56. Kd3 Nxe5+ 57. fxe5 h5 58. Ke3 h4 59. Kf4 h3 60. Kxf5 h2 61. e6 Kd6 62.
d5 h1=Q 63. Kg6 Qh6+ 64. Kf7 Qf6+ 65. Kg8 Kxd5 66. e7 Qxe7 67. Kh7 g5+ 68.
Kh6 g4 69. a5 g3 70. Kh5 g2 71. Kg4 g1=Q+ 72. Kf3 Qee3# { White checkmated
} 0-1

[Event "ICC tourney 2260 (3 2)"]
[Site "Internet Chess Club"]
[Date "2020.12.31"]
[Round "7"]
[White "ved2006"]
[Black "MehPlayer"]
[Result "0-1"]
[ICCResult "White checkmated"]
[WhiteElo "1719"]
[BlackElo "1528"]
[Opening "Queen's pawn game"]
[ECO "A46"]
[NIC "QP.06"]
[Time "13:53:08"]
[PlyCount "66"]
[TimeControl "180+2"]

1. d4 Nf6 2. Nf3 d6 3. e3 g6 4. c4 Bg7 5. Nc3 O-O 6. Bd3 c5 7. O-O Nc6 8.
b3 cxd4 9. exd4 Bg4 10. d5 Ne5 11. Be2 Nxf3+ 12. Bxf3 Qc7 13. Bb2 Bxf3 14.
Qxf3 a6 15. Rab1 Nd7 16. Ne4 Ne5 17. Qh3 h6 18. f4 Nd7 19. Bxg7 Kxg7 20. f5
Nf6 21. Nxf6 exf6 22. Qg4 Rae8 23. Rbe1 Qc5+ 24. Kh1 Qb4 25. Rxe8 Rxe8 26.
fxg6 Qc3 27. gxf7+ Kxf7 28. Qh5+ Kf8 29. Qxh6+ Ke7 30. Qg7+ Kd8 31. Qxf6+
Qxf6 32. Rxf6 Re1+ 33. Rf1 Rxf1# { White checkmated } 0-1

[Event "ICC tourney 2260 (3 2)"]
[Site "Internet Chess Club"]
[Date "2020.12.31"]
[Round "7"]
[White "ZAPPAWITS"]
[Black "VirginiaGuy"]
[Result "1/2-1/2"]
[ICCResult "Game drawn by repetition"]
[WhiteElo "1713"]
[BlackElo "1371"]
[Opening "Queen's bishop game"]
[ECO "D02"]
[NIC "QP.06"]
[Time "13:53:29"]
[PlyCount "75"]
[TimeControl "180+2"]

1. Nf3 Nf6 2. d4 d5 3. Bf4 g6 4. e3 Bg7 5. h3 O-O 6. Be2 Bf5 7. O-O c6 8.
c4 Nbd7 9. Nc3 Rc8 10. c5 Re8 11. Ne5 Ne4 12. Nxd7 Qxd7 13. Nxe4 Bxe4 14.
Bf3 Bxf3 15. Qxf3 e5 16. dxe5 Bxe5 17. Bxe5 Rxe5 18. b4 Re4 19. a3 Rce8 20.
Rad1 Qe6 21. Rd4 Rxd4 22. exd4 Qe2 23. Qb3 Qd2 24. b5 Qxd4 25. bxc6 bxc6
26. Rc1 Qd2 27. Rd1 Re1+ 28. Rxe1 Qxe1+ 29. Kh2 Qxf2 30. Qb8+ Kg7 31. Qe5+
Qf6 32. Qe3 Qb2 33. Qg3 Qc1 34. Qe5+ Kg8 35. Qb8+ Kg7 36. Qe5+ Kg8 37. Qb8+
Kg7 38. Qe5+ { Game drawn by repetition } 1/2-1/2

[Event "ICC tourney 2260 (3 2)"]
[Site "Internet Chess Club"]
[Date "2020.12.31"]
[Round "7"]
[White "caracleliem2"]
[Black "Supersamraat"]
[Result "0-1"]
[ICCResult "White resigns"]
[WhiteElo "1152"]
[BlackElo "1548"]
[Opening "French: Swiss variation"]
[ECO "C01"]
[NIC "FR.01"]
[Time "13:53:26"]
[PlyCount "82"]
[TimeControl "180+2"]

1. e4 e6 2. d4 d5 3. Bd3 Nf6 4. Nc3 Bb4 5. exd5 Nxd5 6. Bd2 Nxc3 7. Bxc3
Bxc3+ 8. bxc3 Nc6 9. Nf3 O-O 10. O-O Re8 11. Qe2 Qf6 12. Qe4 g6 13. Ne5
Nxe5 14. Qxe5 Qxe5 15. dxe5 Bd7 16. Rad1 Bc6 17. Rfe1 Rad8 18. Be4 Rxd1 19.
Rxd1 Bxe4 20. Rd7 c5 21. Rc7 Rd8 22. f3 Bc6 23. Re7 Kf8 24. Rc7 Rd7 25.
Rc8+ Ke7 26. Ra8 a6 27. Rh8 h5 28. Kf2 Rd2+ 29. Ke3 Rxc2 30. Rc8 Rxc3+ 31.
Kd2 Rc4 32. Kd3 Rd4+ 33. Kc3 Rd8 34. Rc7+ Rd7 35. Rc8 Bb5 36. Rxc5 Kd8 37.
Kb4 Rd4+ 38. Kc3 Rd5 39. Rxd5+ exd5 40. Kd4 Bc4 41. Kc5 Bxa2 { White
resigns } 0-1

[Event "ICC tourney 2260 (3 2)"]
[Site "Internet Chess Club"]
[Date "2020.12.31"]
[Round "7"]
[White "MChessy"]
[Black "SuperBlueSky"]
[Result "0-1"]
[ICCResult "White checkmated"]
[WhiteElo "1950"]
[BlackElo "1597"]
[Opening "Ruy Lopez: closed, anti-Marshall 8.a4"]
[ECO "C88"]
[NIC "RL.18"]
[Time "13:53:12"]
[PlyCount "120"]
[TimeControl "180+2"]

1. e4 e5 2. Nf3 Nc6 3. Bb5 a6 4. Ba4 Nf6 5. O-O Be7 6. Re1 b5 7. Bb3 O-O 8.
a4 Bb7 9. d4 d6 10. d5 Na5 11. axb5 Nxb3 12. cxb3 axb5 13. Rxa8 Qxa8 14.
Nc3 Qa6 15. Qd3 b4 16. Qxa6 Bxa6 17. Ne2 Nxe4 18. Ng3 Nxg3 19. hxg3 f5 20.
Bd2 Rb8 21. Ra1 Bd3 22. Ra7 Bd8 23. Ra4 Be4 24. Rxb4 Rxb4 25. Bxb4 Bxd5 26.
Ba5 Bxb3 27. Nd2 Bd5 28. b4 Kf7 29. b5 Ke7 30. Nb1 Kd7 31. Na3 Kc8 32. Kf1
Kb7 33. Ke2 Bg5 34. Bd2 Bxd2 35. Kxd2 Kb6 36. Kc3 Kc5 37. f3 Be6 38. Kd3
Bd7 39. Ke3 Bxb5 40. Nxb5 Kxb5 41. f4 e4 42. g4 fxg4 43. Kxe4 Kc5 44. f5
Kc6 45. Kf4 Kd5 46. Kxg4 Ke5 47. Kg5 d5 48. f6 gxf6+ 49. Kh6 d4 50. Kxh7 d3
51. g4 d2 52. g5 fxg5 53. Kg6 d1=Q 54. Kf7 Qf3+ 55. Ke7 Qf6+ 56. Ke8 Qg7
57. Kd8 c5 58. Kc8 Kd6 59. Kb8 Kc6 60. Ka8 Qb7# { White checkmated } 0-1

[Event "ICC tourney 2260 (3 2)"]
[Site "Internet Chess Club"]
[Date "2020.12.31"]
[Round "7"]
[White "Aahilvalliani"]
[Black "TheOrcaPro"]
[Result "0-1"]
[ICCResult "White forfeits on time"]
[WhiteElo "813"]
[BlackElo "1735"]
[Opening "King's Indian: 5.Nf3"]
[ECO "E90"]
[NIC "KI.22"]
[Time "13:53:14"]
[PlyCount "58"]
[TimeControl "180+2"]

1. d4 Nf6 2. c4 d6 3. Nc3 g6 4. e4 Bg7 5. Nf3 Nbd7 6. Be2 O-O 7. O-O c6 8.
Be3 Re8 9. Re1 e5 10. d5 cxd5 11. Nxd5 Nxe4 12. Qd3 Nef6 13. Bg5 e4 14. Qb3
exf3 15. Qxf3 Re6 16. Bd3 Ne5 17. Qd1 Nxd3 18. Qxd3 Qe8 19. Rxe6 Qxe6 20.
Qd2 Nxd5 21. cxd5 Qf5 22. Re1 Bd7 23. h3 Re8 24. Rxe8+ Bxe8 25. Be3 b6 26.
Qc1 Qxd5 27. Qc8 Qe6 28. Qb7 Qd7 29. Qb8 Bxb2 { White forfeits on time }
0-1

[Event "ICC tourney 2260 (3 2)"]
[Site "Internet Chess Club"]
[Date "2020.12.31"]
[Round "7"]
[White "bobiscool"]
[Black "martinjames28"]
[Result "1-0"]
[ICCResult "Black resigns"]
[WhiteElo "1697"]
[BlackElo "1196"]
[Opening "Caro-Kann: advance variation"]
[ECO "B12"]
[NIC "CK.04"]
[Time "13:53:09"]
[PlyCount "65"]
[TimeControl "180+2"]

1. e4 c6 2. d4 d5 3. e5 Bf5 4. c4 e6 5. cxd5 cxd5 6. Nc3 Bb4 7. Nf3 Ne7 8.
Qa4+ Nbc6 9. Bb5 Qa5 10. Bd2 Qxa4 11. Bxa4 O-O 12. O-O Rac8 13. a3 Bxc3 14.
Bxc3 a6 15. Rac1 b5 16. Bb3 Rfd8 17. Nh4 Bg6 18. Nxg6 hxg6 19. Rfd1 Nf5 20.
g4 Nfe7 21. h3 a5 22. Bc2 b4 23. axb4 axb4 24. Be1 Rc7 25. Ba4 Rdc8 26. f3
Nxd4 27. Rxc7 Rxc7 28. Rxd4 Rc1 29. Rd1 Rc7 30. Bxb4 Rc4 31. Bxe7 Rxa4 32.
b3 Ra3 33. Bxa3 { Black resigns } 1-0

[Event "ICC tourney 2260 (3 2)"]
[Site "Internet Chess Club"]
[Date "2020.12.31"]
[Round "7"]
[White "Purushottam123"]
[Black "hackerguru"]
[Result "0-1"]
[ICCResult "White checkmated"]
[WhiteElo "1663"]
[BlackElo "1756"]
[Opening "Sicilian: Labourdonnais-Löwenthal (Kalashnikov) variation"]
[ECO "B32"]
[NIC "SI.32"]
[Time "13:53:31"]
[PlyCount "108"]
[TimeControl "180+2"]

1. e4 c5 2. Nf3 Nc6 3. d4 cxd4 4. Nxd4 e5 5. Nb5 d6 6. N1c3 a6 7. Na3 Be7
8. Nd5 Nf6 9. Bd3 Nxd5 10. exd5 Nb8 11. O-O O-O 12. c4 f5 13. f3 Nd7 14.
Be3 f4 15. Bf2 Nf6 16. Qc2 Bd7 17. Bh4 e4 18. fxe4 Ng4 19. Bxe7 Qxe7 20.
Qd2 Ne3 21. Rf2 Qg5 22. Nc2 Ng4 23. Rf3 Ne5 24. Rf2 Qg4 25. Be2 f3 26. Bd1
Qxe4 27. Qe3 Qxc4 28. Rc1 Ng4 29. Qd4 Qxd4 30. Nxd4 Nxf2 31. Kxf2 fxg2+ 32.
Kxg2 Rac8 33. Rxc8 Rxc8 34. Bb3 a5 35. Ne6 a4 36. Bd1 Rc1 37. Bg4 Rc2+ 38.
Kg3 Rxb2 39. a3 Rb3+ 40. Kf4 Rxa3 41. Nc5 Bxg4 42. Kxg4 dxc5 43. d6 Rd3 44.
d7 Rxd7 45. h4 a3 46. h5 a2 47. h6 a1=Q 48. hxg7 Qxg7+ 49. Kf5 Qf7+ 50. Ke5
Rd5+ 51. Ke4 Qf5+ 52. Ke3 Rd3+ 53. Ke2 Qf3+ 54. Ke1 Rd1# { White checkmated
} 0-1

[Event "ICC tourney 2260 (3 2)"]
[Site "Internet Chess Club"]
[Date "2020.12.31"]
[Round "7"]
[White "ChiefDas"]
[Black "ThirstyMonster"]
[Result "0-1"]
[ICCResult "White resigns"]
[WhiteElo "1857"]
[BlackElo "1283"]
[Opening "Sicilian: Taimanov variation"]
[ECO "B45"]
[NIC "SI.39"]
[Time "13:53:21"]
[PlyCount "64"]
[TimeControl "180+2"]

1. e4 c5 2. Nf3 e6 3. d4 cxd4 4. Nxd4 Nc6 5. Nc3 Nf6 6. Bg5 Bb4 7. Nxc6
bxc6 8. e5 Qa5 9. exf6 Qxg5 10. fxg7 Qxg7 11. Qf3 d5 12. a3 Bxc3+ 13. Qxc3
Qxc3+ 14. bxc3 Rb8 15. Bd3 h6 16. O-O Rg8 17. Rab1 Rb6 18. Rb3 Kd7 19. Rfb1
Kc7 20. c4 Bd7 21. cxd5 cxd5 22. Rc3+ Rc6 23. Rcb3 Rb6 24. c4 dxc4 25. Bxc4
Rgb8 26. Rb4 Rxb4 27. axb4 Bb5 28. Rc1 Bxc4 29. Rxc4+ Kd6 30. Rf4 a5 31. h3
axb4 32. Rxf7 b3 { White resigns } 0-1

[Event "ICC tourney 2260 (3 2)"]
[Site "Internet Chess Club"]
[Date "2020.12.31"]
[Round "7"]
[White "aberdeenace"]
[Black "michaelxiao"]
[Result "0-1"]
[ICCResult "White resigns"]
[WhiteElo "1546"]
[BlackElo "1318"]
[Opening "French: Labourdonnais variation"]
[ECO "C00"]
[NIC "FR.01"]
[Time "13:54:03"]
[PlyCount "86"]
[TimeControl "180+2"]

1. e4 e6 2. f4 d5 3. e5 c5 4. Nf3 Nc6 5. c3 d4 6. Bb5 dxc3 7. bxc3 a6 8.
Bxc6+ bxc6 9. O-O Qb6 10. Kh1 Ne7 11. Na3 Nf5 12. g4 Nh6 13. g5 Nf5 14. Kg2
h6 15. h4 hxg5 16. fxg5 Nxh4+ 17. Nxh4 Rxh4 18. Qf3 Be7 19. Qxf7+ Kd7 20.
Rb1 Qa5 21. Nc4 Rxc4 22. Qxg7 Qxa2 23. Bb2 Rg4+ 24. Kh3 Rxg5 25. Qh7 Rb8
26. Rf7 Kc7 27. Rxe7+ Kb6 28. Ba3+ Qxb1 29. Ra7 Qxh7+ 30. Rxh7 Rxe5 31. d4
cxd4 32. Kg4 dxc3 33. Bd6 c2 34. Rh1 Rd5 35. Bxb8 Rd1 36. Rh8 c1=Q 37. Rxc8
Rg1+ 38. Bg3 Qc4+ 39. Kh3 Qd3 40. Rb8+ Ka5 41. Rg8 Qf1+ 42. Kg4 Rxg3+ 43.
Kxg3 Qg1+ { White resigns } 0-1

[Event "ICC tourney 2260 (3 2)"]
[Site "Internet Chess Club"]
[Date "2020.12.31"]
[Round "7"]
[White "falcongw"]
[Black "karuto2006"]
[Result "0-1"]
[ICCResult "White checkmated"]
[WhiteElo "1256"]
[BlackElo "1699"]
[Opening "Giuoco Piano"]
[ECO "C50"]
[NIC "IG.02"]
[Time "13:53:32"]
[PlyCount "60"]
[TimeControl "180+2"]

1. e4 e5 2. Nf3 Nc6 3. Bc4 Bc5 4. O-O Nf6 5. d3 O-O 6. c3 d6 7. Bg5 h6 8.
Bh4 Bg4 9. h3 Bh5 10. Nbd2 a6 11. a4 Kh8 12. b4 Ba7 13. Qc2 Ne7 14. b5 Ng6
15. Bg3 Bxf3 16. Nxf3 Nh5 17. Bh2 Nhf4 18. bxa6 bxa6 19. d4 Qf6 20. Qd2
Rab8 21. Rfb1 Nxh3+ 22. Kf1 exd4 23. cxd4 Ng5 24. Nxg5 hxg5 25. Qd1 Bxd4
26. Qh5+ Kg8 27. Ra2 Rxb1+ 28. Ke2 Qxf2+ 29. Kd3 Qe3+ 30. Kc2 Rc1# { White
checkmated } 0-1

[Event "ICC tourney 2260 (3 2)"]
[Site "Internet Chess Club"]
[Date "2020.12.31"]
[Round "7"]
[White "baldwinsthename"]
[Black "ranu540"]
[Result "1-0"]
[ICCResult "Black forfeits on time"]
[WhiteElo "1228"]
[BlackElo "1296"]
[Opening "King's Indian: 4.e4"]
[ECO "E70"]
[NIC "KI.31"]
[Time "13:53:28"]
[PlyCount "71"]
[TimeControl "180+2"]

1. d4 Nf6 2. c4 g6 3. Nc3 Bg7 4. e4 d6 5. Bd3 O-O 6. h3 Nbd7 7. Be3 c5 8.
d5 e5 9. Qd2 Ne8 10. Bh6 f5 11. f3 f4 12. Bxg7 Kxg7 13. h4 Nef6 14. Nh3 Nh5
15. Nf2 Ng3 16. Rh2 h5 17. Nh1 Qf6 18. O-O-O Nxh1 19. Rdxh1 b6 20. Ne2 Nb8
21. Bc2 Na6 22. a3 Nc7 23. Ba4 Rf7 24. Bc6 Rb8 25. Nc3 Bd7 26. Rd1 Qe7 27.
Nb5 Nxb5 28. cxb5 Rc8 29. Qc3 a6 30. a4 a5 31. Rhh1 Be8 32. Rdg1 Bd7 33. g3
Be8 34. gxf4 Rxf4 35. Rg5 Rxh4 36. Rhg1 { Black forfeits on time } 1-0

[Event "ICC tourney 2260 (3 2)"]
[Site "Internet Chess Club"]
[Date "2020.12.31"]
[Round "7"]
[White "Tombstone"]
[Black "Zapateado"]
[Result "1-0"]
[ICCResult "Black forfeits on time"]
[WhiteElo "1990"]
[BlackElo "1908"]
[Opening "Budapest: Adler variation"]
[ECO "A52"]
[NIC "QG.01"]
[Time "13:53:23"]
[PlyCount "67"]
[TimeControl "180+2"]

1. d4 Nf6 2. c4 e5 3. dxe5 Ng4 4. Nf3 Bc5 5. e3 Nc6 6. b3 O-O 7. Bb2 Re8 8.
Be2 Ngxe5 9. Nd4 Qh4 10. O-O d6 11. Nd2 Nxd4 12. exd4 Bxd4 13. g3 Qh3 14.
Bxd4 Ng6 15. Bf3 c6 16. Bg2 Qf5 17. Qb1 Qg5 18. Nf3 Qg4 19. Qb2 f6 20. Rfe1
Bf5 21. h3 Qh5 22. g4 Bxg4 23. hxg4 Qxg4 24. Rxe8+ Rxe8 25. Nh2 Qg5 26. Qc1
Qh4 27. Nf3 Qg4 28. Qd1 Nf4 29. Nh4 Ne2+ 30. Kf1 Qxh4 31. Be3 Nc3 32. Qd4
Ne4 33. Kg1 g5 34. f3 { Black forfeits on time } 1-0

[Event "ICC tourney 2260 (3 2)"]
[Site "Internet Chess Club"]
[Date "2020.12.31"]
[Round "7"]
[White "BillyC"]
[Black "stephenwilly"]
[Result "1-0"]
[ICCResult "Black checkmated"]
[WhiteElo "1948"]
[BlackElo "1496"]
[Opening "Giuoco Piano"]
[ECO "C54"]
[NIC "IG.02"]
[Time "13:53:35"]
[PlyCount "63"]
[TimeControl "180+2"]

1. e4 e5 2. Nf3 Nc6 3. Bc4 Bc5 4. c3 Nf6 5. d3 d5 6. exd5 Nxd5 7. O-O O-O
8. Re1 Be6 9. Nxe5 Nxe5 10. Rxe5 Bxf2+ 11. Kh1 Re8 12. Qe2 Qh4 13. Bg5 Qg4
14. Qxf2 f6 15. h3 Qh5 16. Bxf6 Qg6 17. Rxe6 Rxe6 18. Bxd5 Re8 19. Bxe6+
Rxe6 20. Bd4 Qxd3 21. Na3 Rg6 22. Re1 h5 23. Qf3 Qd2 24. Re8+ Kh7 25. Qxh5+
Rh6 26. Qf5+ Rg6 27. Qf3 Qc1+ 28. Kh2 Qxb2 29. Be3 Qxa3 30. Qh5+ Rh6 31.
Bxh6 gxh6 32. Qf7# { Black checkmated } 1-0

[Event "ICC tourney 2260 (3 2)"]
[Site "Internet Chess Club"]
[Date "2020.12.31"]
[Round "7"]
[White "funpawn"]
[Black "JensenUVA"]
[Result "0-1"]
[ICCResult "White checkmated"]
[WhiteElo "1765"]
[BlackElo "1516"]
[Opening "Sicilian: accelerated fianchetto, Breyer variation"]
[ECO "B39"]
[NIC "SI.33"]
[Time "13:53:29"]
[PlyCount "100"]
[TimeControl "180+2"]

1. e4 c5 2. Nf3 Nc6 3. d4 cxd4 4. Nxd4 g6 5. c4 Bg7 6. Be3 Nf6 7. Nc3 Ng4
8. Qxg4 Nxd4 9. Qd1 Ne6 10. Qd2 Qa5 11. Rc1 b6 12. Be2 Bb7 13. f3 h5 14.
O-O g5 15. Rfd1 Rd8 16. Nd5 Qxd2 17. Rxd2 Be5 18. g3 Rg8 19. Kf2 h4 20.
Rcd1 hxg3+ 21. hxg3 Bc6 22. b4 f6 23. b5 Bb7 24. f4 gxf4 25. gxf4 Bd6 26.
Kf3 Bc5 27. Bxc5 Nxc5 28. Nc7+ Kf7 29. Bd3 f5 30. Nd5 fxe4+ 31. Bxe4 Nxe4
32. Kxe4 e6 33. a4 exd5+ 34. cxd5 Rde8+ 35. Kf5 d6 36. Rc2 Bc8+ 37. Rxc8
Rxc8 38. Re1 Rce8 39. Rg1 Rxg1 40. a5 Reg8 41. a6 R8g4 42. Ke4 Rf1 43. Ke3
Rfxf4 44. Ke2 Ra4 45. Kf3 Rgb4 46. Ke3 Rb3+ 47. Kd2 Ra2+ 48. Kc1 Rh3 49.
Kb1 Rg2 50. Kc1 Rh1# { White checkmated } 0-1

[Event "ICC tourney 2260 (3 2)"]
[Site "Internet Chess Club"]
[Date "2020.12.31"]
[Round "7"]
[White "AirMaisem"]
[Black "chessmonkey05"]
[Result "1-0"]
[ICCResult "Black resigns"]
[WhiteElo "1171"]
[BlackElo "1617"]
[Opening "Giuoco Piano"]
[ECO "C50"]
[NIC "IG.02"]
[Time "13:53:20"]
[PlyCount "81"]
[TimeControl "180+2"]

1. e4 e5 2. Nf3 Nc6 3. Bc4 Bc5 4. O-O Nf6 5. d3 O-O 6. Nc3 h6 7. h3 d6 8.
Nd5 a6 9. Be3 Nxd5 10. exd5 Bxe3 11. fxe3 Ne7 12. e4 b5 13. Bb3 f5 14. c3
f4 15. Qd2 Qe8 16. c4 Qg6 17. Nh4 Qg5 18. Nf3 Qg3 19. Kh1 g5 20. Qf2 Qxf2
21. Rxf2 b4 22. Bd1 Kg7 23. Nd2 Kg6 24. Nb3 a5 25. d4 Ng8 26. dxe5 dxe5 27.
Bg4 Bxg4 28. hxg4 Nf6 29. Nc5 Nxg4 30. Re2 Ne3 31. Ne6 Rfe8 32. Nxc7 Nxc4
33. Nxe8 Rxe8 34. Rc1 Ne3 35. Rc6+ Kh5 36. g3 Kg4 37. gxf4 exf4 38. Rxh6
Nxd5 39. Rg2+ Kf3 40. exd5 Re1+ 41. Rg1 { Black resigns } 1-0

[Event "ICC tourney 2260 (3 2)"]
[Site "Internet Chess Club"]
[Date "2020.12.31"]
[Round "7"]
[White "tigerche207"]
[Black "dashrndrx1"]
[Result "1-0"]
[ICCResult "Black forfeits on time"]
[WhiteElo "1934"]
[BlackElo "1803"]
[Opening "French: Winawer, advance, 5.a3"]
[ECO "C17"]
[NIC "FR.10"]
[Time "13:53:29"]
[PlyCount "67"]
[TimeControl "180+2"]

1. e4 e6 2. d4 d5 3. Nc3 Bb4 4. e5 c5 5. a3 Ba5 6. Nf3 Nc6 7. Be3 cxd4 8.
Bxd4 Nxd4 9. Qxd4 Bd7 10. Bd3 Ne7 11. O-O Ng6 12. Nb5 O-O 13. Nd6 Qc7 14.
c4 Bb6 15. Qc3 d4 16. Nxd4 Nxe5 17. N4b5 Bxb5 18. Nxb5 Qc5 19. b4 Qc6 20.
Qxe5 Rad8 21. Be2 a6 22. Nc3 Bd4 23. Qg3 f6 24. Rfd1 Be5 25. Qh3 b5 26. c5
Rde8 27. Rac1 f5 28. Bf3 Qc7 29. Ne2 Rf6 30. Nd4 Rh6 31. Bh5 g6 32. Qe3
Rxh5 33. h3 Bf4 34. Nxe6 { Black forfeits on time } 1-0

[Event "ICC tourney 2260 (3 2)"]
[Site "Internet Chess Club"]
[Date "2020.12.31"]
[Round "7"]
[White "miyzhang"]
[Black "kittypuppy"]
[Result "0-1"]
[ICCResult "White checkmated"]
[WhiteElo "1227"]
[BlackElo "1135"]
[Opening "Caro-Kann defense"]
[ECO "B15"]
[NIC "CK.02"]
[Time "13:53:23"]
[PlyCount "76"]
[TimeControl "180+2"]

1. e4 c6 2. d4 d5 3. Nd2 dxe4 4. Nxe4 Nf6 5. Ng3 Bg4 6. Nf3 e6 7. h3 Bh5 8.
Nxh5 Nxh5 9. Ne5 Nf6 10. Bg5 Bd6 11. Bd3 Qc7 12. Bxf6 gxf6 13. Ng4 Nd7 14.
Qf3 f5 15. Nh6 O-O-O 16. Nxf7 Rdg8 17. Nxh8 Rxh8 18. O-O-O Qa5 19. Kb1 Qb6
20. Qe3 Ba3 21. b3 Qb4 22. Bc4 Nb6 23. Bxe6+ Kb8 24. Qe5+ Qd6 25. Qxd6+
Bxd6 26. Bxf5 Rf8 27. Rhe1 Nd5 28. Re6 Nc3+ 29. Kc1 Bf4+ 30. Kb2 Nxd1+ 31.
Kb1 Rxf5 32. Re8+ Kc7 33. Re7+ Kb6 34. Rxh7 Bd2 35. g4 Rxf2 36. Rg7 Rf1 37.
g5 Bc3 38. g6 Ne3# { White checkmated } 0-1

[Event "ICC tourney 2260 (3 2)"]
[Site "Internet Chess Club"]
[Date "2020.12.31"]
[Round "7"]
[White "A4-H5"]
[Black "xyzchessdude"]
[Result "1-0"]
[ICCResult "Black forfeits on time"]
[WhiteElo "1999"]
[BlackElo "1992"]
[Opening "Amar (Paris) opening"]
[ECO "A00"]
[NIC "VO.16"]
[Time "13:53:13"]
[PlyCount "79"]
[TimeControl "180+2"]

1. Nh3 e5 2. c4 Nf6 3. Nc3 d5 4. cxd5 Nxd5 5. Qb3 Nb6 6. d3 Be6 7. Qb5+
N8d7 8. Ng5 c6 9. Nxe6 fxe6 10. Qb3 Nc5 11. Qc2 Bd6 12. g3 O-O 13. Bh3 Qf6
14. O-O Kh8 15. b4 Ncd7 16. Ne4 Qe7 17. a3 Nf6 18. Ng5 e4 19. dxe4 e5 20.
Be3 h6 21. Ne6 Rfe8 22. Rad1 Bc7 23. Bc5 Qf7 24. Nxc7 Qxc7 25. a4 Qf7 26.
a5 Nbd7 27. Be3 Nf8 28. Rd2 Ne6 29. Rfd1 g5 30. Bg2 Rad8 31. Bxa7 Qh5 32.
Rxd8 Rxd8 33. Rxd8+ Nxd8 34. Qc5 Qe8 35. Bb6 Nf7 36. f3 Kg7 37. Bh3 Ng8 38.
Bc7 Nf6 39. Bf5 h5 40. Qb6 { Black forfeits on time } 1-0

[Event "ICC tourney 2260 (3 2)"]
[Site "Internet Chess Club"]
[Date "2020.12.31"]
[Round "7"]
[White "pari538"]
[Black "MIEMBR"]
[Result "1-0"]
[ICCResult "Black forfeits on time"]
[WhiteElo "1522"]
[BlackElo "1842"]
[Opening "Sicilian: Taimanov (Bastrikov) variation"]
[ECO "B47"]
[NIC "SI.40"]
[Time "13:53:20"]
[PlyCount "95"]
[TimeControl "180+2"]

1. e4 c5 2. Nf3 e6 3. d4 cxd4 4. Nxd4 Nc6 5. Nc3 Qc7 6. f3 a6 7. Be3 Nf6 8.
Qd2 Bb4 9. g4 d5 10. g5 Nh5 11. h4 b5 12. exd5 exd5 13. Nxc6 Qxc6 14. O-O-O
Bxc3 15. Qxc3 Qxc3 16. bxc3 Bb7 17. Bh3 O-O 18. Rhg1 Rfe8 19. Bd2 d4 20.
Bg4 dxc3 21. Bxc3 Nf4 22. Rge1 Ne2+ 23. Kb2 Nxc3 24. Kxc3 Rac8+ 25. Kb2
Rxe1 26. Rxe1 Rd8 27. Re7 Bd5 28. Ra7 Ra8 29. Rxa8+ Bxa8 30. Kc3 Kf8 31. f4
Ke7 32. Kd4 Kd6 33. Bf5 h6 34. gxh6 gxh6 35. Be4 Bxe4 36. Kxe4 Ke6 37. f5+
Kf6 38. Kf4 b4 39. Ke4 h5 40. Kf4 a5 41. Ke4 a4 42. Kf4 b3 43. cxb3 axb3
44. axb3 Ke7 45. Ke5 f6+ 46. Kd5 Kd7 47. b4 Kc7 48. Ke6 { Black forfeits on
time } 1-0